 Dungeon Crawl Stone Soup version 0.28-a0-851-g8b9cc49659 (webtiles) character file.

Game seed: 9133132683502910791

20482 ytrimaz the Cleaver (level 12, -5/97 HPs)
             Began as a Demonspawn Berserker on Nov 14, 2021.
             Was an Elder of Trog.
             Slain by Rupert (18 damage)
             ... on level 12 of the Dungeon.
             The game lasted 00:26:55 (14076 turns).

ytrimaz the Cleaver (Demonspawn Berserker)         Turns: 14076, Time: 00:26:56

Health: -5/97      AC: 40    Str: 27    XL:     12   Next: 45%
Magic:  12/12      EV:  8    Int: 17    God:    Trog [****..]
Gold:   392        SH:  0    Dex: 15    Spells: 11/11 levels left

rFire   . . .      SeeInvis .   t - +0 broad axe
rCold   + + .      Faith    .   (no shield)
rNeg    . . .      Spirit   .   p - +8 orange crystal plate armour {Archmagi, Int+3 Clar}
rPois   +          Reflect  .   B - +1 helmet {Int+3}
rElec   +          Harm     .   M - +2 cloak {rC+}
rCorr   .          Rampage  .   (no gloves)
Will    +++..      Archmagi +   s - +1 pair of boots
Stlth   .......... Clarity  +   q - amulet of the Illusory Princes {Drain rPois Will+ Regen+}
HPRegen 2.26/turn               k - ring of protection from cold
MPRegen 0.13/turn               I - ring "Looplek" {Contam rElec rPois Str+6 Dex+3}

@: about to teleport, strong-willed, regenerating
A: claws 1, icy blue scales 2, foul stench 1
a: Renounce Religion, Berserk, Trog's Hand, Brothers in Arms


You were on level 12 of the Dungeon.
You worshipped Trog.
Trog was greatly pleased with you.
You visited 2 branches of the dungeon, and saw 13 of its levels.
You also visited: Ossuary, Bailey and Ice Cave.

You collected 1377 gold pieces.
You spent 985 gold pieces at shops.

Inventory:

Hand Weapons
 t - a +0 broad axe (weapon)
 y - the +5 spear of Perfectionism {venom, rF+ rC++ Str+5}
   (You found it on level 7 of the Dungeon)

   It poisons the flesh of those it strikes.
   Str:       It affects your strength (+5).
   rF:        It protects you from fire.
   rC:        It greatly protects you from cold.
Missiles
 m - 25 poisoned darts (quivered)
 D - 6 datura-tipped darts
 E - 5 boomerangs
 P - 6 atropa-tipped darts
Armour
 a - a +0 buckler
 p - the +8 orange crystal plate armour (worn) {Archmagi, Int+3 Clar}
   (You acquired it on level 5 of the Dungeon)

   Int:       It affects your intelligence (+3).
   Clar:      It protects you against confusion.
 s - a +1 pair of boots (worn)
 B - a +1 helmet of intelligence (worn)
 G - +2 ice dragon scales
 K - a scarf of resistance
 M - a +2 cloak of cold resistance (worn)
Jewellery
 k - a ring of protection from cold (left claw)
 q - the amulet of the Illusory Princes (around neck) {Drain rPois Will+ Regen+}
   (You acquired it on level 5 of the Dungeon)

   [amulet of regeneration]

   rPois:     It protects you from poison.
   Regen:     It increases your rate of health regeneration.
   Drain:     It drains your maximum health when unequipped.
   Will:      It increases your willpower.
 C - an amulet of magic regeneration
 I - the ring "Looplek" (right claw) {Contam rElec rPois Str+6 Dex+3}
   (You bought it in a shop on level 9 of the Dungeon)

   [ring of poison resistance]

   Str:       It affects your strength (+6).
   Dex:       It affects your dexterity (+3).
   rElec:     It insulates you from electricity.
   rPois:     It protects you from poison.
   Contam:    It causes magical contamination when unequipped.
 N - an amulet of reflection
Wands
 e - a wand of polymorph (3)
 j - a wand of digging (12)
 o - a wand of paralysis (11)
 u - a wand of charming (19)
 J - a wand of iceblast (9)
Scrolls
 g - 4 scrolls of enchant weapon
 i - 2 scrolls of fog
 l - 4 scrolls of magic mapping
 x - a scroll of immolation
 F - 3 scrolls of identify
 O - a scroll of vulnerability {unknown}
Potions
 b - 4 potions of heal wounds
 d - 2 potions of lignification
 f - 7 potions of curing
 h - 3 potions of ambrosia
 n - a potion of flight
 r - 2 potions of mutation
 v - 4 potions of haste
 w - 3 potions of attraction
 z - 2 potions of magic
 A - 3 potions of resistance
 L - a potion of berserk rage {unknown}
Miscellaneous
 H - a lightning rod (4/4)


   Skills:
 * Level 9.9 Fighting
 + Level 11.7(11.8) Axes
 - Level 0.4(7.4) Polearms
 * Level 10.7 Armour
 - Level 5.8 Dodging
 * Level 5.0 Unarmed Combat


You had 11 spell levels left.
You didn't know any spells.
Your spell library contained the following spells:

 Spells                   Type           Power      Damage    Failure   Level
 Sting                    Tmut/Pois      0%         1d3       100%        1
 Blink                    Tloc           0%         N/A       100%        2
 Corpse Rot               Necr/Air       0%         N/A       100%        2
 Poisonous Vapours        Pois/Air       0%         N/A       100%        2
 Scorch                   Fire           0%         2d5       100%        2
 Lesser Beckoning         Tloc           0%         N/A       100%        3
 Dispel Undead            Necr           0%         3d6       100%        4
 Flame Wave               Conj/Fire      0%         3d3       100%        4
 Olgreb's Toxic Radiance  Pois           0%         N/A       100%        4
 Manifold Assault         Tloc           0%         N/A       100%        5
 Death Channel            Necr           0%         N/A       100%        6
 Summon Cactus Giant      Summ           0%         N/A       100%        6


Dungeon Overview and Level Annotations

Branches:
Dungeon (12/15)            Temple (1/1) D:7            Lair (0/6) D:11
    Orc (0/2) D:10        Ossuary (visited)          Bailey (visited)
  IceCv (visited)

Altars:
Ashenzari
Cheibriados
Dithmenos
Elyvilon
Fedhas
Gozag
Hepliaklqana
Kikubaaqudgha
Makhleb
Nemelex Xobeh
Okawaru
Qazlal
Ru
Sif Muna
Trog
Uskayaw
Vehumet
Wu Jian
Xom
Yredelemnul
Zin
The Shining One

Shops:
D:2 *   D:5 (   D:6 *   D:8 ?   D:9 =

Annotations:
D:11 3 runed translucent doors, cheechan's ghost, journeyman OpHu
D:12 Rupert


Innate Abilities, Weirdness & Mutations

You have sharp fingernails.
You are mostly covered in icy blue scales. (AC +3)
You may rarely emit foul miasma when damaged in melee.


Message History

A tengu conjurer comes into view.
You hit the boulder beetle but do no damage.
The boulder beetle bites you but does no damage.
Unknown command.
You slash the boulder beetle!
The boulder beetle is lightly wounded.
You completely miss Rupert. Rupert hits you but does no damage.
The boulder beetle completely misses you.
You hit the boulder beetle.
The boulder beetle is lightly wounded.
You barely miss Rupert. Rupert hits you but does no damage.
The boulder beetle bites you but does no damage.
The tengu conjurer drinks a potion.
The tengu conjurer flickers and vanishes!
Deactivating autopickup; reactivate with Ctrl-A.
Rupert hits you with a +1 great mace of holy wrath!!
You convulse!!
Your skin crawls.
You feel strong-willed. Rupert hits you but does no damage.
The boulder beetle bites you!
You emit a cloud of foul miasma!
Unknown command.
The boulder beetle is engulfed in dark miasma.
The boulder beetle is poisoned.
The boulder beetle curls into a ball and begins rolling!
Rupert completely misses you.
The boulder beetle is engulfed in dark miasma.
The boulder beetle looks even sicker.
Rupert barely misses you.
The boulder beetle stops rolling and uncurls.
The boulder beetle curls into a ball and begins rolling!
Rupert hits you with a +1 great mace of holy wrath!!
You convulse!!
* * * LOW HITPOINT WARNING * * *
Unknown command.
Okay, then.
As you read the scroll of teleportation, it crumbles to dust.
You feel strangely unstable.
Rupert hits you with a +1 great mace of holy wrath!!
You die...

#.#######.............# #.#
#....##+#.....### ####.#
#.####,,#.......# .....#
#.#,,,,,#.......# .....#
#.#,,,,,+.......# .....#
#.#,,,,,#.......# .....#
#.#,,,,,#.......#
.....#######.#######.......#
...)............@@.B.......#
.#....######.##++##.(......#
#.#...# *,*,,,,#........#
...#..# *,*,,,,#........#
#.#..## *,*,,,,#........#
.#..## *,*,,,,#Q.....(.#
...#### *,*,,,,#........#
......##****,****,#.(......#
.........,,,,,,,,,.........#


You could see Rupert (berserk) and a boulder beetle (rolling, very poisoned).

Vanquished Creatures
  Harold (D:9)
  A hydra (D:12)
  2 boulder beetles
  A two-headed ogre (D:9)
  A deep elf pyromancer (D:12)
  A swamp dragon (D:11)
  Pikel (D:5)
  A cyclops (D:12)
  2 ugly things (IceCv)
  2 ice statues (IceCv)
  A kobold demonologist (D:9)
  2 hornets
  2 trolls
  Grinder (D:6)
  Prince Ribbit (D:5)
  Sigmund (D:2)
  A water elemental (D:11)
  3 wraiths
  28 yaks
  2 wyverns
  2 basilisks
  A steam dragon (D:8)
  6 vampire mosquitoes
  A death yak simulacrum (IceCv)
  An acid dragon (D:12)
  A water moccasin (D:6)
  Duvessa (D:6)
  5 orc warriors
  A sky beast (D:7)
  An ice beast (D:7)
  A black bear (D:5)
  A necrophage (D:5)
  An ogre (D:6)
  2 wolves (D:11)
  4 centaurs
  2 phantoms
  2 elf zombies (Ossuary)
  Blork the orc (D:4)
  A kobold brigand (D:7)
  A water moccasin zombie (D:5)
  5 bullfrogs
  Dowan (D:6)
  9 gnoll sergeants
  A wyvern skeleton (D:6)
  10 killer bees
  An elephant simulacrum (IceCv)
  4 wights (D:8)
  3 howler monkeys
  An electric eel (D:11)
  A bullfrog zombie (D:6)
  7 centaur zombies
  2 jellies
  10 hounds
  4 human zombies (Ossuary)
  A bullfrog skeleton (D:6)
  5 orc priests
  A centaur skeleton (D:4)
  7 gnoll shamans
  Terence (D:3)
  11 orc wizards
  2 polar bear simulacra (IceCv)
  A wolf simulacrum (IceCv)
  A hound skeleton (D:4)
  2 howler monkey zombies
  2 mummies (Ossuary)
  A howler monkey skeleton (D:6)
  12 adders
  32 gnolls
  An ufetubus (D:5)
  An adder zombie (Ossuary)
  A worm (D:2)
  A dart slug (D:1)
  43 orcs
  10 ball pythons
  7 endoplasms
  6 giant cockroaches
  7 goblins
  12 hobgoblins
  11 jackals
  7 kobolds
  3 quokkas
  4 bats
  3 frilled lizards
  2 goblin zombies (Ossuary)
  8 hobgoblin zombies (Ossuary)
  5 kobold zombies (Ossuary)
  12 orc zombies (Ossuary)
  7 rats
  A rat zombie (Ossuary)
381 creatures vanquished.

Vanquished Creatures (others)
  A deep elf pyromancer (D:9)
  A troll (D:11)
  2 fungi (D:2)
4 creatures vanquished.

Grand Total: 385 creatures vanquished

Notes
Turn   | Place    | Note
-------+----------+-------------------------------------------
     0 | D:1      | ytrimaz the Demonspawn Berserker began the quest for the
                  | Orb.
     0 | D:1      | Reached XP level 1. HP: 18/18 MP: 1/1
   263 | D:1      | Gained mutation: You are partially covered in icy blue
                  | scales. (AC +2) [demonic ancestry]
   263 | D:1      | Reached XP level 2. HP: 16/24 MP: 2/2
   465 | D:1      | Reached skill level 3 in Axes
   712 | D:1      | Reached ** piety under Trog
   826 | D:1      | Gained mutation: You are mostly covered in icy blue scales.
                  | (AC +3) [demonic ancestry]
   826 | D:1      | Reached XP level 3. HP: 29/29 MP: 3/3
  1459 | D:2      | Found a faded altar of an unknown god.
  1514 | D:2      | Noticed Sigmund
  1528 | D:2      | Killed Sigmund
  1529 | D:2      | Reached skill level 4 in Axes
  1529 | D:2      | Reached XP level 4. HP: 37/37 MP: 4/4
  1529 | D:2      | Reached XP level 5. HP: 42/42 MP: 5/5
  2052 | D:2      | Found Gacadexe's Assorted Antiques.
  2168 | D:2      | Reached XP level 6. HP: 48/48 MP: 6/6
  2842 | D:3      | Reached *** piety under Trog
  2850 | D:3      | Noticed Terence
  2863 | D:3      | Killed Terence
  3303 | D:4      | Noticed Blork the orc
  3315 | D:4      | Killed Blork the orc
  3564 | D:4      | Reached XP level 7. HP: 50/54 MP: 7/7
  3809 | D:4      | Reached skill level 5 in Axes
  4755 | D:5      | Entered Level 5 of the Dungeon
  5033 | D:5      | Found Zuyrha's Antique Weapon Shop.
  5042 | D:5      | Bought a buzzing short sword for 176 gold pieces
  5042 | D:5      | Identified the +3 short sword "Lyten" {vorpal, Int+7} (You
                  | bought it in a shop on level 5 of the Dungeon)
  5092 | D:5      | Found a shadowy altar of Dithmenos.
  5330 | D:5      | Noticed Prince Ribbit
  5346 | D:5      | Killed Prince Ribbit
  5347 | D:5      | Reached skill level 5 in Armour
  5347 | D:5      | Gained mutation: You may rarely emit foul miasma when
                  | damaged in melee. [demonic ancestry]
  5347 | D:5      | Reached XP level 8. HP: 27/61 MP: 8/8
  5776 | D:5      | Noticed Pikel
  5793 | D:5      | Killed Pikel
  5794 | D:5      | Reached skill level 6 in Axes
  6146 | D:5      | Identified 2 scrolls of acquirement
  6266 | D:5      | Reached skill level 5 in Fighting
  6469 | D:5      | Acquired the amulet of the Illusory Princes {Drain rPois
                  | Will+ Regen+}
  6478 | D:5      | Acquired the +8 orange crystal plate armour {Archmagi,
                  | Int+3 Clar}
  6478 | D:5      | Found the +8 orange crystal plate armour {Archmagi, Int+3
                  | Clar}
  6536 | D:6      | Reached skill level 5 in Dodging
  6542 | D:6      | Reached XP level 9. HP: 68/68 MP: 9/9
  6592 | D:6      | Reached skill level 7 in Axes
  6945 | D:6      | Found Zin's Purification Station.
  6970 | D:6      | Found a sacrificial altar of Ru.
  6970 | D:6      | Noticed Duvessa
  6970 | D:6      | Noticed Dowan
  6980 | D:6      | Killed Duvessa
  6983 | D:6      | Killed Dowan
  7292 | D:6      | Noticed Grinder
  7293 | D:6      | Paralysed by Grinder for 4 turns
  7303 | D:6      | Paralysed by Grinder for 7 turns
  7315 | D:6      | Paralysed by Grinder for 3 turns
  7328 | D:6      | Killed Grinder
  7454 | D:7      | Found a sand-covered staircase.
  7458 | Ossuary  | Entered an ossuary
  7585 | Ossuary  | Reached **** piety under Trog
  7631 | Ossuary  | Reached skill level 8 in Axes
  7802 | D:7      | Found a hazy altar of Hepliaklqana.
  7832 | D:7      | Noticed a boulder beetle
  7864 | D:7      | Killed a boulder beetle
  7865 | D:7      | Gained mutation: You have sharp fingernails. [demonic
                  | ancestry]
  7865 | D:7      | Reached XP level 10. HP: 76/76 MP: 10/10
  8018 | D:7      | Found a staircase to the Ecumenical Temple.
  8050 | D:7      | Identified the +5 spear of Perfectionism {venom, rF+ rC++
                  | Str+5}
  8230 | D:2      | Bought a glowing helmet for 195 gold pieces
  8710 | Temple   | Entered the Ecumenical Temple
  9337 | D:8      | Reached skill level 9 in Axes
  9337 | D:8      | Found a shimmering blue altar of Sif Muna.
  9569 | D:8      | Found Tohomag's Magic Scroll Shoppe.
  9616 | D:8      | Reached skill level 1 in Unarmed Combat
 10098 | D:8      | Found a hide-covered altar of Uskayaw.
 10098 | D:8      | Found an iron altar of Okawaru.
 10154 | D:8      | Found a bloodstained altar of Trog.
 10300 | D:9      | You fall into a shaft and drop 1 floor!
 10300 | D:10     | Entered Level 10 of the Dungeon
 10300 | D:10     | Found a staircase to the Orcish Mines.
 10358 | D:10     | Reached XP level 11. HP: 81/84 MP: 11/11
 10482 | D:9      | Noticed a two-headed ogre
 10492 | D:9      | Killed a two-headed ogre
 10493 | D:9      | Reached skill level 10 in Axes
 10512 | D:9      | Found a snail-covered altar of Cheibriados.
 10550 | D:9      | Noticed a deep elf pyromancer
 10557 | D:9      | Killed a deep elf pyromancer
 10794 | D:9      | Identified the +2 dagger of Defiance {drain, Int+5 Dex+2}
 10973 | D:9      | Found Meivylee's Jewellery Shop.
 11028 | D:9      | Noticed Harold
 11058 | D:9      | Killed Harold
 11841 | D:11     | Noticed a six-headed hydra
 11927 | D:11     | Noticed cheechan's ghost (journeyman OpHu)
 11933 | D:11     | Found a runed translucent gate.
 11933 | D:11     | Found a runed translucent gate.
 11934 | D:11     | Found a runed translucent gate.
 11935 | D:11     | Noticed a skeletal warrior
 11973 | D:11     | Found a flagged portal.
 11986 | Bailey   | Entered a bailey
 12410 | D:11     | Reached skill level 10 in Armour
 12530 | D:11     | Noticed a swamp dragon
 12530 | D:11     | a nine-headed hydra changed into a swamp dragon
 12540 | D:11     | Killed a swamp dragon
 12541 | D:11     | Reached skill level 11 in Axes
 12559 | D:11     | Found a staircase to the Lair.
 12721 | D:11     | Noticed a boulder beetle
 12730 | D:11     | Killed a boulder beetle
 12731 | D:11     | Reached XP level 12. HP: 64/95 MP: 12/12
 13285 | D:9      | Bought the ring "Looplek" {Contam rElec rPois Str+6 Dex+3}
                  | for 614 gold pieces
 13683 | D:12     | Found a frozen archway.
 13705 | IceCv    | Entered an ice cave
 13707 | IceCv    | Found a transporter.
 13739 | IceCv    | Found a transporter.
 14049 | D:12     | Noticed a six-headed hydra
 14061 | D:12     | Noticed a boulder beetle
 14063 | D:12     | Killed an eight-headed hydra
 14064 | D:12     | Reached skill level 5 in Unarmed Combat
 14064 | D:12     | Noticed Rupert
 14066 | D:12     | Noticed a tengu warrior
 14076 | D:12     | Slain by Rupert

Illustrated notes

Levels and vault maps discovered:
D:1:      dpeg_arrival_erosion, layout_loops_ring
D:2:      minmay_general_purpose_star, layout_basic,
          shapermc_ecumenical_altar_mp_ritualfount, serial_shops, shop,
          uniq_sigmund
D:3:      layout_rooms, minmay_crystal_room, eino_tiny_chamber,
          grunt_ministairs_9, minmay_close_crescents, uniq_terence
D:4:      layout_layer_cave, uniq_blork_the_orc
D:5:      layout_basic, grunt_dithmenos_smoke_and_mirrors, serial_shops,
          nicolae_shop_waterfront, uniq_pikel, uniq_prince_ribbit1
D:6:      layout_rooms, mainiacjoe_overflow_alcove_2, zin_purify, uniq_duvessa,
          uniq_grinder
D:7:      layout_basic, mainiacjoe_overflow_concentric_impassable,
          minmay_temple_entry_nine_rooms, lightli_ossuary_entry_decrepit_ruins,
          minmay_manual_mail
D:8:      layout_loops_ring, lemuel_coloured_pillars_altar, lemuel_doored_altar,
          gammafunk_temple_overflow_pools, serial_shops, shop
D:9:      minmay_recursive_quarters, layout_loops_ring,
          mainiacjoe_overflow_brackets, serial_shops, shop, uniq_harold
D:10:     layout_cave_pools, amcnicky_altar_gilded, orc_0_dummy
D:11:     layout_basic, erik_lair_island, gammafunk_ghost_split, enter_bailey_2
D:12:     layout_irregular_city, portal_ice_cave_entry_pillars_2, kb_tengu_band,
          uniq_rupert
Temple:   minmay_temple_bridge_abc

Skill      XL: |  1  2  3  4  5  6  7  8  9 10 11 12 |
---------------+-------------------------------------+-----
Dodging        | 2 3 4 5 |  5.8
Axes           | 3 4 5 6 8 9 11 | 11.7
Armour         | 2 3 5 6 7 9 10 | 10.7
Fighting       | 4 5 6 7 9 |  9.9
Unarmed Combat | 2 4 5 |  5.0
Polearms       | |  0.4

Action                   |  1- 3 |  4- 6 |  7- 9 | 10-12 || total
-------------------------+-------+-------+-------+-------++-------
Melee: Hand axe          |   132 |   173 |   573 |   525 ||  1403
       Spear             |       |       |       |    25 ||    25
       Punch             |       |       |       |    10 ||    10
       Broad axe         |       |       |       |   455 ||   455
Throw: Dart              |       |       |     4 |       ||     4
       Boomerang         |       |       |       |     3 ||     3
       Throwing net      |       |       |       |     6 ||     6
Invok: Berserk           |     1 |     5 |    10 |    16 ||    32
       Trog's Hand       |     1 |     4 |    12 |    29 ||    46
Evoke: Wand              |       |       |       |    10 ||    10
  Use: Scroll            |       |    10 |     5 |    13 ||    28
 Stab: Sleeping          |     1 |       |       |       ||     1
Armor: Animal skin       |    36 |       |       |       ||    36
       Scale mail        |       |    84 |    82 |       ||   166
       Crystal plate arm |       |       |   382 |  1410 ||  1792
Dodge: Dodged            |   100 |   141 |   186 |   418 ||   845

Table legend: (Time is in decaauts)
 A = Elapsed time spent in this place.
 B = Non-inter-level travel time spent in this place.
 C = Inter-level travel time spent in this place.
 D = Time resting spent in this place.
 E = Time spent auto-exploring this place.
 F = Levels seen in this place.
 G = Mean time per level.
                   A        B        C        D        E       F      G
               +--------+--------+--------+--------+--------+-----+--------+
         Total |  14328 |  13383 |    945 |   1756 |   7484 |  16 |  895.5 |
       Dungeon |  13318 |  12395 |    923 |   1687 |   7216 |  12 | 1109.8 |
        Temple |    194 |    172 |     22 |      0 |    167 |   1 |  194.0 |
       Ossuary |    317 |    317 |      0 |      0 |     72 |   1 |  317.0 |
        Bailey |    366 |    366 |      0 |     69 |     29 |   1 |  366.0 |
      Ice Cave |    131 |    131 |      0 |      0 |      0 |   1 |  131.0 |
               +--------+--------+--------+--------+--------+-----+--------+

Top non-repeatable levels by time:
     D:5: 1970 daAuts
     D:4: 1559 daAuts
     D:2: 1412 daAuts
     D:8: 1316 daAuts
     D:1: 1289 daAuts
    D:11: 1109 daAuts
     D:9: 1018 daAuts
     D:6: 859 daAuts
     D:3: 811 daAuts
    D:10: 667 daAuts
     D:7: 661 daAuts
    D:12: 642 daAuts
  Bailey: 366 daAuts
 Ossuary: 317 daAuts
  Temple: 194 daAuts
